 Dungeon Crawl Stone Soup version 0.31-a0-1620-gcbf77bbcfc (webtiles) character file.

Game seed: 8421174100209326405

89 Laraso the Magician (level 4, -3/33 HPs)
             Began as a Draconian Fire Elementalist on Jan 12, 2024.
             Slain by a gnoll
             ... wielding a +0 spear
              (4 damage)
             ... on level 2 of the Dungeon.
             The game lasted 00:02:28 (1731 turns).

Laraso the Magician (Draconian Fire Elementalist)   Turns: 1731, Time: 00:02:30

Health: -3/33      AC:  5    Str: 10    XL:     4   Next: 31%
Magic:  1/10       EV: 12    Int: 18    God:
Gold:   129        SH:  0    Dex: 11    Spells: 8/11 levels left

rFire   + + .        j - +6 short sword of the Little People {flame, rF++}
rCold   . . .        (no shield)
rNeg    . . .        (body armour unavailable)
rPois   .            (helmet restricted)
rElec   .            (no cloak)
rCorr   .            (no gloves)
SInv    .            (no boots)
Will    .....        (no amulet)
Stlth   ++           (no ring)
HPRegen 0.25/turn    (no ring)
MPRegen 0.12/turn

%: no passive effects
@: brilliant, very slightly contaminated
A: AC +5, unfitting armour, cold-blooded
a: no special abilities


You were on level 2 of the Dungeon.
You visited 1 branch of the dungeon, and saw 2 of its levels.

You collected 129 gold pieces.

Inventory:

Hand Weapons
 j - the +6 short sword of the Little People (weapon) {flame, rF++}
   (You found it on level 2 of the Dungeon)

   rF++:      It greatly protects you from fire.
Scrolls
 b - a scroll of enchant weapon
 d - a scroll of blinking {unknown}
 e - a scroll of identify
 h - 2 scrolls of teleportation {unknown}
Potions
 a - a potion of magic
 c - a potion of brilliance
 f - a potion of degeneration {unknown}
 g - a potion of mutation {unknown}
 i - 2 potions of curing {unknown}
 k - 2 potions of heal wounds {unknown}


   Skills:
 - Level 1.7 Dodging
 - Level 1.7 Stealth
 * Level 4.3 Spellcasting
 - Level 1.0 Conjurations
 - Level 3.0 Fire Magic


You had 8 spell levels left.
You knew the following spells:

 Your Spells              Type           Power      Damage    Failure   Level
a - Foxfire               Conj/Fire      64%        2x1d7     6%          1
b - Scorch                Fire           44%        2d6       6%          2

Your spell library contained the following spells:

 Spells                   Type           Power      Damage    Failure   Level
 Sandblast                Erth           10%        2d5       14%         1
 Inner Flame              Hex/Fire       13%        N/A       22%         3
 Volatile Blastmotes      Fire/Tloc      26%        2d12      22%         3
 Stone Arrow              Conj/Erth      16%        3d8       34%         3
 Passwall                 Erth           5%         N/A       38%         3
 Flame Wave               Conj/Fire      16%        2d7       52%         4
 Brom's Barrelling Bould  Conj/Erth      8%         2d3       75%         4


Dungeon Overview and Level Annotations

Branches:
Dungeon (2/15)

Altars:


Innate Abilities, Weirdness & Mutations

Your plain brown scales are hard. (AC +5)
You cannot fit into any form of body armour.
You are cold-blooded and may be slowed by cold attacks.


Message History

Anything else - Cancel.
You shout for attention!
A gnoll comes into view. It is wielding a +0 whip.
The rat squeaks loudly.
The rat closely misses you.
You closely miss the rat. The rat bites you but does no damage.
You puncture the rat! You burn the rat.
You kill the rat!
Flames lash the gnoll.
The gnoll is severely wounded.
The gnoll's fire resistance burns away.
The gnoll hits you from afar with a +0 halberd!
You miscast Scorch.
You are very lightly contaminated with residual magic.
Nothing appears to happen.
Flames lash the gnoll.
The gnoll is heavily wounded.
The gnoll's fire resistance burns away.
The gnoll closely misses you.
The gnoll hits you from afar with a +0 halberd.
Flames lash the gnoll.
The gnoll is burned terribly!
The gnoll is almost dead.
The gnoll is no longer more vulnerable to fire.
Flames lash the gnoll.
You kill the gnoll!
The gnoll hits you from afar with a +0 halberd!
* * * LOW HITPOINT WARNING * * *
You are too injured to fight recklessly!
The gnoll attacks as it pursues you!
The gnoll hits you from afar with a +0 halberd!
* * * LOW HITPOINT WARNING * * *
Okay, then.
It was a potion of brilliance.
You feel clever all of a sudden. The gnoll completely misses you.
As you read the scroll labelled DACVIA NIJO, it crumbles to dust.
It is a scroll of identify.
b - a scroll of enchant weapon The gnoll completely misses you.
The gnoll hits you from afar with a +0 spear.
You die...

#)..#....###....##..........
#...#.......................
#...#...........#.#.........
#...##.#....)##.#.#.........
#.......†.........#.........
#....#.......##.#.####......
#....#.†.....##.............
######...g).................
#..#g.@...........###..
####..#######........# #..
#.....#######........# #..
#....................##...
###...........#.......)##...
#......#.#....#........##...
#......#.#.##.#........##.
#....#.#g..#....#.......#...
#.........g##.#.#...........


You could see 2 gnolls.

Vanquished Creatures
  2 gnolls (D:2)
  4 dart slugs
  6 ball pythons
  7 bats
  8 endoplasms
  4 goblins
  6 hobgoblins
  4 jackals (D:1)
  5 kobolds
  A quokka (D:1)
  3 frilled lizards (D:2)
  6 rats
56 creatures vanquished.

Vanquished Creatures (others)
  83 foxfires
83 creatures vanquished.

Grand Total: 139 creatures vanquished

Notes
Turn   | Place    | Note
-------+----------+-------------------------------------------
     0 | D:1      | Laraso the Draconian Fire Elementalist began the quest for
                  | the Orb.
     0 | D:1      | Reached XP level 1. HP: 14/14 MP: 3/3
    83 | D:1      | Reached XP level 2. HP: 18/20 MP: 1/5
   259 | D:1      | Reached skill level 3 in Spellcasting
   428 | D:1      | Reached XP level 3. HP: 26/26 MP: 7/7
  1011 | D:2      | Identified the +6 short sword of the Little People {flame,
                  | rF++}
  1184 | D:2      | Learned a level 2 spell: Scorch
  1404 | D:2      | Reached skill level 4 in Spellcasting
  1472 | D:2      | Found a faded altar of an unknown god.
  1498 | D:2      | Reached XP level 4. HP: 33/33 MP: 2/10
  1729 | D:2      | HP: 1/33 [gnoll/+0 halberd (8)]
  1731 | D:2      | Slain by a gnoll

Illustrated notes

Levels and vault maps discovered:
D:1:      scummos_arrival_star, layout_rooms
D:2:      layout_basic, hellmonk_ecumenical_altar_lost_god, grunt_ministairs_13,
          uniq_crazy_yiuf_cottage

Skill      XL: |  1  2  3 |
---------------+----------+-----
Spellcasting   | 3 4 |  4.3
Dodging        | |  1.7
Stealth        | |  1.7
Conjurations   | |  1.0
Fire Magic     | |  3.0

Action                     |  1- 3 |  4- 6 || total
---------------------------+-------+-------++-------
  Melee: Trident           |    46 |       ||    46
         Tailslap          |     4 |       ||     4
         Short sword       |       |     2 ||     2
   Cast: Foxfire           |    49 |       ||    49
         Scorch            |    12 |     7 ||    19
    Use: Scroll            |       |     1 ||     1
         Potion            |       |     1 ||     1
   Stab: Sleeping          |     2 |       ||     2
 Armour: Skin              |    25 |     6 ||    31
  Dodge: Dodged            |    35 |     4 ||    39

Table legend: (Time is in decaauts)
 A = Elapsed time spent in this place.
 B = Non-inter-level travel time spent in this place.
 C = Inter-level travel time spent in this place.
 D = Time resting spent in this place.
 E = Time spent auto-exploring this place.
 F = Levels seen in this place.
 G = Mean time per level.
                   A        B        C        D        E       F      G
               +--------+--------+--------+--------+--------+-----+--------+
         Total |   1743 |   1722 |     21 |    105 |   1238 |   2 |  871.5 |
       Dungeon |   1743 |   1722 |     21 |    105 |   1238 |   2 |  871.5 |
               +--------+--------+--------+--------+--------+-----+--------+

Top non-repeatable levels by time:
     D:2: 910 daAuts
     D:1: 833 daAuts
